AoeStats
← Zumoshi

Arabia

507466942Analyzed
1v1 RM · 15d ago on Sep 18, 2026· 56m 15s· 2 players
Game mode
Random Map
Map size
Tiny (2 player)
Population
200
Speed
Normal
Resources
Standard
Victory
Conquest
Starting age
Dark Age
Ending age
Imperial Age
RankedLock teamsTeams togetherTeam positionsShared explorationLock speedFull tech treeHidden civsTurbo modeCheats
Victory
Defeat
🇮🇱 Khitans · Israel
1117
+17
🇫🇷 Huns · France
1139
-17
Zumoshi
7:57 Loom
9:55 Feudal Age
11:25 Double-Bit Axe
15:12 Forging
15:50 Scale Barding Armor
23:22 Castle Age
21:43 Gold Mining
22:02 Domestication
22:35 Fletching
24:02 Bodkin Arrow
25:19 Iron Casting
24:44 Padded Archer Armor
32:28 Bow Saw
34:28 Leather Archer Armor
34:41 Husbandry
35:30 Ballistics
37:29 Thumb Ring
39:01 Heavy Cavalry Archer
44:33 Imperial Age
43:24 Wheelbarrow
43:06 Town Watch
44:14 Scale Mail Armor
44:56 Hand Cart
45:22 Chain Barding Armor
45:20 Chain Mail Armor
45:18 Town Patrol
46:00 Conscription
45:54 Bracer
47:36 Chemistry
47:45 Parthian Tactics
48:14 Lamellar Armor
50:17 Ring Archer Armor
54:14 Stone Mining
54:12 Arson
54:27 Squires
53:50 Pikeman
55:45 Two-Man Saw
54:48 Pastoralism
55:45 Conscription
56:37 Plate Mail Armor
56:48 Ordo Cavalry
Jelaf
6:13 Loom
9:12 Feudal Age
9:39 Double-Bit Axe
13:25 Horse Collar
21:25 Castle Age
20:28 Bloodlines
21:20 Scale Barding Armor
21:26 Forging
21:13 Town Watch
22:01 Gold Mining
23:22 Wheelbarrow
27:45 Hand Cart
28:30 Chain Barding Armor
31:43 Iron Casting
31:26 Husbandry
32:10 Bow Saw
34:30 Gold Mining
34:31 Stone Mining
41:08 Imperial Age
39:17 Heavy Plow
39:18 Fletching
40:45 Gold Shaft Mining
41:20 Cavalier
42:43 Plate Barding Armor
44:24 Blast Furnace
44:28 Paladin
45:55 Conscription
47:32 Two-Man Saw
47:17 Bodkin Arrow
Connection lost

Rejoining the realm…

Still unreachable

The connection could not be restored.

Session expired

The server has moved on; the page needs a fresh start.